 Dungeon Crawl Stone Soup version 0.20.1-1-g8b1a95d (webtiles) character file.

113 Lorindel the Conjurer (level 4, -2/25 HPs)
             Began as a Deep Elf Conjurer on July 21, 2017.
             Slain by a crocodile (9 damage)
             ... in a sewer on July 22, 2017.
             The game lasted 00:14:57 (2469 turns).

Lorindel the Conjurer (Deep Elf Conjurer)           Turns: 2469, Time: 00:14:58

Health: -2/25      AC:  3    Str:  5    XL:     4   Next: 65%
Magic:  1/12       EV: 14    Int: 21    God:
Gold:   150        SH:  0    Dex: 17    Spells: 1/11 levels left

rFire    . . .     SeeInvis .   i - +0 dagger
rCold    . . .     Gourm    .   (no shield)
rNeg     . . .     Faith    +   a - +0 robe
rPois    .         Spirit   .   (no helmet)
rElec    .         Reflect  .   (no cloak)
rCorr    .         Harm     .   p - +0 pair of gloves
MR       .....                  (no boots)
Stlth    +++.......             l - amulet of faith
Regen    0.1/turn               (no ring)
MPRegen  0.2/turn               (no ring)

@: no status effects
A: agile 1, sense surroundings 1
a: no special abilities


You were in a sewer.
You were not hungry.

You visited 1 branch of the dungeon, and saw 3 of its levels.
You also visited: Sewer.

You collected 150 gold pieces.

Inventory:

Hand Weapons
 i - a +0 dagger (weapon)
 k - a +0 club
Missiles
 g - 17 arrows
 s - 74 stones (quivered)
Armour
 a - a +0 robe (worn)
 h - a +0 robe
 o - a +0 robe
 p - a +0 pair of gloves (worn)
Jewellery
 l - an amulet of faith (around neck)
Scrolls
 n - a scroll of teleportation
 q - a scroll of blinking
 t - a scroll of fog {unknown}
Potions
 d - a potion of invisibility
 e - a potion of heal wounds
 m - a potion of curing {unknown}
Books
 b - a book of Conjurations

   Spells                             Type                      Level
   a - Magic Dart                     Conjuration                  1
   b - Searing Ray                    Conjuration                  2
   c - Dazzling Spray                 Conjuration/Hexes            3
   d - Fulminant Prism                Conjuration/Hexes            4
   e - Force Lance                    Conjuration/Translocation    4
   f - Iskenderun's Mystic Blast      Conjuration                  4
Comestibles
 c - 4 bread rations
 f - 3 chunks of flesh
 j - a royal jelly
 r - 6 fruits


   Skills:
 + Level 1.1 Fighting
 + Level 3.3 Dodging
 + Level 3.4 Stealth
 * Level 4.1 Spellcasting
 + Level 4.7 Conjurations
 + Level 1.5 Hexes
 + Level 0.0 Translocations


You had one spell level left.
You knew the following spells:

 Your Spells              Type           Power        Failure   Level  Hunger
a - Magic Dart            Conj           ###.         1%          1    None
b - Searing Ray           Conj           ###...       2%          2    #......
c - Dazzling Spray        Conj/Hex       ###...       10%         3    ###....
d - Force Lance           Conj/Tloc      ##......     41%         4    ####...


Dungeon Overview and Level Annotations

Branches:
Dungeon (3/15)

Altars:
Gozag
The Shining One


Innate Abilities, Weirdness & Mutations

You are agile. (Dex +2)
You passively map a small area around you.


Message History

Press: ? - help, Shift-Dir - straight line, f/p - crocodile
Aim: a crocodile (almost dead)
The searing ray hits the crocodile.
The crocodile is almost dead. (Press . to maintain the ray.)
The crocodile barely misses you.
Without enough magic to sustain it, your searing ray dissipates.
The crocodile bites you!
Ouch! That really hurt!
* * * LOW HITPOINT WARNING * * *
Casting: Searing Ray
Confirm with . or Enter, or press ? or * to list all spells.
Aiming: Magic Dart
Press: ? - help, Shift-Dir - straight line, f/p - crocodile
Aim: a crocodile (almost dead)
The magic dart hits the crocodile.
The crocodile is almost dead.
The crocodile misses you. The crocodile bites you!
You die...

#...... #......
...... ..... * ,...
####### #.#
##.....## #.#
##...≈...## #.#
##..@t≈≈...#######.#
#.∩.≈≈≈≈≈..........#
##...≈≈≈...#######.#
##...≈...## #.#
##.....## #.#
####### #.# #.# #.#
#.#


You could see a crocodile.

Vanquished Creatures
  Terence (D:3)
  3 adders
  An ooze (D:1)
  2 worms (D:2)
  2 dart slugs (D:2)
  A leopard gecko (D:1)
  3 orcs (D:3)
  6 giant cockroaches
  3 hobgoblins
  2 kobolds
  A ball python (D:2)
  9 bats
  2 frilled lizards
  4 goblins
  4 rats
44 creatures vanquished.

Notes
Turn   | Place    | Note
-------+----------+-------------------------------------------
     0 | D:1      | Lorindel the Deep Elf Conjurer began the quest for the Orb.
     0 | D:1      | Reached XP level 1. HP: 10/10 MP: 6/6
   583 | D:1      | Reached XP level 2. HP: 16/16 MP: 8/8
   587 | D:1      | Learned a level 2 spell: Searing Ray
  1218 | D:2      | Found a faded altar of an unknown god.
  1341 | D:2      | Reached XP level 3. HP: 8/20 MP: 3/10
  1346 | D:2      | Learned a level 3 spell: Dazzling Spray
  1838 | D:2      | Reached skill level 1 in Fighting
  1852 | D:2      | Gained mutation: You are agile. (Dex +2) [potion of mutation]
  1852 | D:2      | Gained mutation: You passively map a small area around you. [potion of mutation]
  1871 | D:2      | Found an opulent altar of Gozag.
  1872 | D:2      | Found a glowing golden altar of the Shining One.
  2053 | D:3      | Noticed Terence
  2064 | D:3      | Killed Terence
  2064 | D:3      | Reached skill level 1 in Hexes
  2064 | D:3      | Reached XP level 4. HP: 20/25 MP: 1/11
  2277 | D:3      | Found a glowing drain.
  2369 | Sewer    | Entered a sewer
  2434 | Sewer    | Noticed a crocodile
  2440 | Sewer    | Learned a level 4 spell: Force Lance
  2469 | Sewer    | Slain by a crocodile

Skill      XL: |  1  2  3  4 |
---------------+-------------+-----
Stealth        | 3 |  3.4
Dodging        | 3 |  3.3
Fighting       | 1 |  1.1
Hexes          | 1 |  1.5
Spellcasting   | 4 |  4.1
Conjurations   | |  4.7

Action                   |  1- 3 |  4- 6 || total
-------------------------+-------+-------++-------
Melee: Dagger            |    36 |    23 ||    59
       Unarmed           |     3 |       ||     3
 Cast: Magic Dart        |    39 |    11 ||    50
       Searing Ray       |    11 |     4 ||    15
       Dazzling Spray    |       |     2 ||     2
  Use: Scroll            |     8 |       ||     8
       Potion            |     2 |       ||     2
 Stab: Sleeping          |     3 |       ||     3
  Eat: Chunk             |     4 |     1 ||     5
Armor: Robe              |    16 |     3 ||    19
Dodge: Dodged            |    47 |    28 ||    75
